cohdb
Replays
Latest Replays
All Replays
Popular Replays
Top Player Replays
Match Explorer
How It Works
Community
CoH3 Stats
Reddit
Sign in to upload your games and track your stats! →
Sign in with Steam
Match 46074825
Unlisted
Match 46074825
Overview
Messages
Build Orders
End
Kradschützen Motorcycle Team
Selects Italian Combined Arms Battlegroup
Selects Bersaglieri Squad
Bersaglieri Squad
Bersaglieri Squad
Panzergrenadier Squad
Construct Light Support Kompanie
250 Light Carrier
Selects Bersaglieri Bolster
Panzerjäger Squad
Construct Mechanized Kompanie
Support Armor Elements
StuG III D Assault Gun
Selects Semovente da 75/18 Assault Gun
StuG III D Assault Gun
254 Reconnaissance Tractor
Assault Mechanized Group
2.5-tonne Medical Truck
Selects Strafing Run
Construct Panzerarmee Kommand
Strafing Run
Strafing Run
Panzer III L Medium Tank
Selects Artillery Cover
Strafing Run
Panzer III L Medium Tank
Vehicle Survival Package
Flak 36 Anti-tank Gun Team
Strafing Run
Nostalgi@
WordBearers[Borgore]
0
0
Comments
sign in to comment!
No comments posted yet!